 Dungeon Crawl Stone Soup version 0.30-a0-652-gcc886f7154 (webtiles) character file.

Game seed: 8692067188047468295

10304 NinjaNoafa the Cleaver (level 11, -2/94 HPs)
             Began as a Hill Orc Fighter on Jan 17, 2023.
             Was a High Priest of Okawaru.
             Slain by a white ugly thing (5 damage)
             ... on level 9 of the Dungeon.
             The game lasted 00:32:08 (11621 turns).

NinjaNoafa the Cleaver (Hill Orc Fighter)          Turns: 11621, Time: 00:32:09

Health: -2/94      AC: 17    Str: 32    XL:     11   Next: 60%
Magic:  18/18      EV: 13    Int:  8    God:    Okawaru [*****.]
Gold:   263        SH:  9    Dex: 10    Spells: 10/10 levels left

rFire   + + .      SeeInvis .    D - +2 broad axe (flame)
rCold   . . .      Faith    +    a - +0 kite shield
rNeg    . . .      Spirit   .    O - +4 scale mail "Faxaerel" {rElec rF++ rCorr Str+8}
rPois   .          Reflect  .    k - +0 helmet
rElec   +          Harm     .    M - +0 cloak
rCorr   +          Rampage  .    f - +2 pair of gloves
Will    .....                    (no boots) Stlth
                                 A - amulet of faith
HPRegen 0.35/turn                w - ring of resist corrosion
MPRegen 0.16/turn                L - +5 ring of evasion

@: mighty
A: deterioration 1
a: Renounce Religion, Heroism, Finesse, Duel


You were on level 9 of the Dungeon.
You worshipped Okawaru.
Okawaru was extremely pleased with you.
You visited 2 branches of the dungeon, and saw 10 of its levels.
You also visited: Bailey.

You collected 606 gold pieces.
You spent 343 gold pieces at shops.

Inventory:

Hand Weapons
 n - a +2 war axe of freezing
 C - a +3 broad axe
 D - a +2 broad axe of flaming (weapon)
Missiles
 t - 25 boomerangs (quivered)
 u - 2 atropa-tipped darts
 v - 36 poisoned darts
 Q - 6 boomerangs of dispersal
 R - 3 javelins
Armour
 a - a +0 kite shield (worn)
 f - a +2 pair of gloves (worn)
 k - a +0 helmet (worn)
 H - a +0 pair of gloves of dexterity
 M - a +0 cloak (worn)
 O - the +4 scale mail "Faxaerel" (worn) {rElec rF++ rCorr Str+8}
   (You acquired it in a bailey)

   Str:       It affects your strength (+8).
   rF:        It greatly protects you from fire.
   rElec:     It insulates you from electricity.
   rCorr:     It protects you from acid and corrosion.
Jewellery
 w - a ring of resist corrosion (left hand)
 A - an amulet of faith (around neck)
 L - a +5 ring of evasion (right hand)
Wands
 c - a wand of charming (25)
 p - a wand of flame (63)
 s - a wand of acid (3)
Scrolls
 e - 5 scrolls of enchant armour {unknown}
 h - 8 scrolls of teleportation
 l - a scroll of butterflies {unknown}
 m - 3 scrolls of magic mapping
 o - a scroll of blinking {unknown}
 x - a scroll of poison
 y - 3 scrolls of fear {unknown}
 z - 4 scrolls of vulnerability
 B - a scroll of torment
 F - 3 scrolls of fog
 G - a scroll of amnesia {unknown}
 K - 2 scrolls of immolation {unknown}
 N - a scroll of brand weapon {unknown}
 P - a scroll of acquirement
Potions
 b - 2 potions of mutation
 d - 2 potions of might
 g - a potion of invisibility {unknown}
 i - 3 potions of resistance
 j - 2 potions of flight
 q - a potion of magic
 r - 3 potions of attraction
 E - a potion of brilliance {unknown}
 I - a potion of ambrosia {unknown}
 S - a potion of haste {unknown}
Miscellaneous
 J - a phantom mirror


   Skills:
 + Level 7.9 Fighting
 + Level 11.0 Axes
 + Level 7.4 Throwing
 + Level 6.8 Armour
 + Level 6.9 Shields
 - Level 10.0 Invocations
 - Level 6.0 Evocations


You had 10 spell levels left.
You didn't know any spells.
Your spell library contained the following spells:

 Spells                   Type           Power      Damage    Failure   Level
 Beastly Appendage        Tmut           0%         N/A       91%         1
 Magic Dart               Conj           0%         1d3       91%         1
 Ensorcelled Hibernation  Hex/Ice        0%         N/A       97%         2
 Scorch                   Fire           0%         2d5       97%         2
 Wereblood                Tmut           0%         N/A       97%         2
 Mephitic Cloud           Conj/Pois/Air  0%         N/A       99%         3
 Ozocubu's Armour         Ice            0%         N/A       99%         3
 Spider Form              Tmut/Pois      0%         N/A       99%         3
 Anguish                  Hex/Necr       0%         N/A       100%        4
 Flame Wave               Conj/Fire      0%         2d4       100%        4
 Ozocubu's Refrigeration  Ice            0%         4d7       100%        7
 Call Imp                 Summ           Unusable   N/A       N/A         2
 Summon Cactus Giant      Summ           Unusable   N/A       N/A         6

Dungeon Overview and Level Annotations

Branches:
Dungeon (9/15)             Temple (1/1) D:6          Bailey (visited)
   Lair: D:8-11         Orc: D:9-12

Altars:
Ashenzari
Cheibriados
Elyvilon
Fedhas
Gozag
Hepliaklqana
Kikubaaqudgha
Makhleb
Okawaru
Qazlal
Ru
Sif Muna
Uskayaw
Vehumet
Wu Jian
Xom
Yredelemnul
Zin
The Shining One

Shops:
D:4 :   D:5 *   D:6 *[


Innate Abilities, Weirdness & Mutations

Your body sometimes deteriorates upon taking damage.


Message History

You burn the brown ugly thing.
The cyan ugly thing pecks you but does no damage.
You block the brown ugly thing's attack.
The cyan ugly thing stings you but does no damage.
You slash the brown ugly thing! You burn the brown ugly thing.
You kill the brown ugly thing!
Okawaru accepts your kill.
You slash the cyan ugly thing! You burn the cyan ugly thing.
You kill the cyan ugly thing!
Okawaru is honoured by your kill.
You closely miss the cyan ugly thing. You block the cyan ugly thing's attack.
Your Axes skill increases to level 11!
You hit the cyan ugly thing. You burn the cyan ugly thing.
The cyan ugly thing is lightly wounded.
You closely miss the white ugly thing.
The cyan ugly thing pecks you but does no damage.
The white ugly thing trunk-slaps you but does no damage.
The white ugly thing trunk-slaps you! The white ugly thing freezes you!!
The cyan ugly thing pecks you but does no damage.
You closely miss the cyan ugly thing.
The cyan ugly thing is lightly wounded.
You closely miss the white ugly thing. The white ugly thing trunk-slaps you!
* * * LOW HITPOINT WARNING * * *
The white ugly thing freezes you!!
* * * LOW HITPOINT WARNING * * *
The cyan ugly thing pecks you but does no damage.
Okay, then.
Okay, then.
Okay, then.
Okay, then.
Press: ? - help, v - describe, . - travel
Here: a white ugly thing An open translucent gate, spattered with blood.
Unknown command.
Okay, then.
The cyan ugly thing attacks as you move away!
The cyan ugly thing misses you.
The white ugly thing attacks as you move away!
The white ugly thing trunk-slaps you.
You die...

∩).#.#...# #....#...............
...#.'...# #....#...............
)).#.#...# #....#.....#.........
'###.########....#.....#.........
.#########..#....#.....######+#..
.##.........#....#............#..
.###........#...#################
.........§.......#....#.,*,,,,*#.
#####..§##......@#.#!#.#,*,*,,⌠#.
..###..#§.#....u†u.!!§#.,+,,,,,#.
...+.....§.#.....'..#...,+,,,,,#.
...#....#..#.....'...§#.,+,,,,,#.
...#....##.......#.#.#.#,*,*,,⌠#.
######...........#....#.,*,,,,*#.
#..........####.################.
'..........+....#.......#........
#..........#....#.......#........


You could see 2 ugly things.

Vanquished Creatures
  An orc warlord (Bailey)
  2 ugly things (D:9)
  An unseen horror (D:7)
  A kobold demonologist (D:9)
  A polar bear (D:9)
  Grinder (D:5)
  2 hornets
  Prince Ribbit (D:6)
  7 yaks
  3 unseen horror simulacra (D:9)
  Edmund (D:6)
  An acid dragon (D:8)
  5 water moccasins
  9 orc warriors
  2 ice beasts (D:9)
  5 centaurs
  4 wolves (D:9)
  3 kobold brigands
  2 bullfrogs (D:7)
  4 scorpions
  2 necrophages
  5 wights
  21 killer bees
  5 hounds
  A gnoll bouda (D:4)
  Crazy Yiuf (D:6)
  2 orc priests
  4 iguanas
  2 jellies
  An orc wizard (D:9)
  A centaur simulacrum (D:9)
  10 adders
  24 gnolls
  2 shadow imps
  5 white imps
  5 ufetubi
  3 worms
  2 dart slugs (D:4)
  44 orcs
  4 bats (D:1)
  13 endoplasms
  8 giant cockroaches
  17 goblins
  16 hobgoblins
  6 jackals
  4 quokkas
  10 ball pythons
  2 frilled lizards (D:1)
  33 kobolds
  5 rats
  A butterfly (D:6)
315 creatures vanquished.

Vanquished Creatures (others)
  Psyche (D:8)
1 creature vanquished.

Grand Total: 316 creatures vanquished

Notes
Turn   | Place    | Note
-------+----------+-------------------------------------------
     0 | D:1      | NinjaNoafa the Hill Orc Fighter began the quest for the
                  | Orb.
     0 | D:1      | Reached XP level 1. HP: 19/19 MP: 1/1
    30 | D:1      | Reached skill level 3 in Axes
   120 | D:1      | Reached XP level 2. HP: 26/26 MP: 2/2
   184 | D:1      | Reached skill level 4 in Axes
   697 | D:1      | Reached XP level 3. HP: 31/31 MP: 3/3
  1196 | D:2      | Reached skill level 5 in Axes
  1261 | D:2      | Reached XP level 4. HP: 38/39 MP: 4/4
  1688 | D:2      | Reached skill level 6 in Axes
  2893 | D:3      | Noticed a necrophage
  2904 | D:3      | Killed a necrophage
  2905 | D:3      | Reached skill level 7 in Axes
  2905 | D:3      | Reached XP level 5. HP: 41/45 MP: 5/5
  3218 | D:4      | Found a radiant altar of Vehumet.
  3235 | D:4      | Reached skill level 8 in Axes
  3235 | D:4      | Reached XP level 6. HP: 32/51 MP: 6/6
  3373 | D:4      | Found Hovua's Book Emporium.
  3551 | D:4      | Reached XP level 7. HP: 4/59 MP: 7/7
  4102 | D:5      | Entered Level 5 of the Dungeon
  4110 | D:4      | Reached skill level 9 in Axes
  4250 | D:5      | Noticed Grinder
  4278 | D:5      | Killed Grinder
  4279 | D:5      | Reached XP level 8. HP: 35/67 MP: 8/8
  4993 | D:5      | Found Fuguru's Fabulous Fripperies.
  5031 | D:5      | Bought 2 scrolls of fog for 96 gold pieces
  5387 | D:6      | Found Homa's Antique Armour Shoppe.
  5393 | D:6      | Found Wyehy's Elemental Accessories.
  5565 | D:6      | Noticed Edmund
  5582 | D:6      | Killed Edmund
  5583 | D:6      | Reached skill level 5 in Evocations
  5917 | D:6      | Found a runed translucent door.
  5920 | D:6      | Noticed Crazy Yiuf
  5949 | D:6      | Noticed Prince Ribbit
  5964 | D:6      | Killed Prince Ribbit
  5965 | D:6      | Reached skill level 5 in Throwing
  5965 | D:6      | Reached XP level 9. HP: 56/72 MP: 9/9
  6052 | D:6      | Found a staircase to the Ecumenical Temple.
  6057 | Temple   | Entered the Ecumenical Temple
  6123 | Temple   | Became a worshipper of Warmaster Okawaru
  6264 | D:7      | Identified the +3 flail of Vuhus {heavy, rC+ Dex+2 Stlth+}
  6509 | D:7      | Reached skill level 5 in Fighting
  6518 | D:7      | Gained mutation: You are frail. (-10% HP) [potion of
                  | mutation]
  6518 | D:7      | Gained mutation: Your body sometimes deteriorates upon
                  | taking damage. [potion of mutation]
  6518 | D:7      | Lost mutation: You are frail. (-10% HP) [potion of
                  | mutation]
  6527 | D:7      | Reached * piety under Okawaru
  6776 | D:7      | Noticed a hornet
  6779 | D:7      | Paralysed by a hornet for 3 turns
  6790 | D:7      | Paralysed by a hornet for 1 turns
  6792 | D:7      | Killed a hornet
  7121 | D:6      | Bought a blackened chain mail for 247 gold pieces
  7121 | D:6      | Identified the +2 chain mail of the Beggar {Will+} (You
                  | bought it in a shop on level 6 of the Dungeon)
  7199 | D:6      | Killed Crazy Yiuf
  7761 | D:7      | Killed an unseen horror
  8066 | D:8      | Reached XP level 10. HP: 56/83 MP: 13/15
  8248 | D:8      | Found an ancient bone altar of Kikubaaqudgha.
  8287 | D:8      | Reached skill level 5 in Armour
  8287 | D:8      | Reached skill level 5 in Shields
  8538 | D:8      | Reached ** piety under Okawaru
  8584 | D:8      | Identified the +4 long sword "Coteqoh" {freeze, rF+ Stlth+}
  8876 | D:8      | Noticed Psyche
  8882 | D:8      | Killed Psyche
  8883 | D:8      | Reached skill level 10 in Axes
  8899 | D:8      | Reached *** piety under Okawaru
  9205 | D:8      | Found a hazy altar of Hepliaklqana.
  9716 | D:9      | Found a runed translucent gate.
  9717 | D:9      | Found a runed translucent gate.
  9717 | D:9      | Found a runed translucent gate.
  9719 | D:9      | Noticed a cyan ugly thing
  9719 | D:9      | Noticed a white ugly thing
  9719 | D:9      | Noticed a cyan ugly thing
  9722 | D:9      | Noticed a white ugly thing
  9868 | D:9      | Found a flagged portal.
  9895 | Bailey   | Entered a bailey
  9938 | Bailey   | Noticed an orc warlord
  9981 | Bailey   | Reached **** piety under Okawaru
 10038 | Bailey   | Found a runed translucent gate.
 10039 | Bailey   | Acquired the +4 scale mail "Faxaerel" {rElec rF++ rCorr
                  | Str+8}
 10056 | Bailey   | Found a runed translucent gate.
 10063 | Bailey   | Found a runed translucent gate.
 10210 | Bailey   | Acquired a +1 broad axe of flaming
 10297 | Bailey   | Killed an orc warlord
 10297 | Bailey   | Received a gift from Okawaru
 10298 | Bailey   | Reached XP level 11. HP: 88/92 MP: 15/18
 10425 | D:9      | Received a gift from Okawaru
 10651 | D:9      | Received a gift from Okawaru
 10820 | D:9      | Found a white marble altar of Elyvilon.
 10832 | D:9      | Paralysed by a hornet for 1 turns
 10836 | D:9      | Reached skill level 10 in Invocations
 10923 | D:9      | Found a hide-covered altar of Uskayaw.
 11064 | D:9      | Reached ***** piety under Okawaru
 11122 | D:9      | Found a burning altar of Makhleb.
 11618 | D:9      | Killed a brown ugly thing
 11618 | D:9      | Killed a cyan ugly thing
 11619 | D:9      | Reached skill level 11 in Axes
 11620 | D:9      | HP: 3/94 [white ugly thing (22)]
 11621 | D:9      | Slain by a white ugly thing

Illustrated notes

Levels and vault maps discovered:
D:1:      eino_arrival_cavern_e, layout_basic
D:2:      layout_basic, kennysheep_generic_room_11
D:3:      minmay_door_path, layout_basic, minmay_quadrilaterals
D:4:      minmay_bubble_buster, layout_rooms, general_overflow_altar,
          serial_shops, nicolae_lakefront_shop, corexii_hall_statues_l
D:5:      corexii_shantytown, layout_rooms, nicolae_alphabet_shops, uniq_grinder
D:6:      layout_rooms, minmay_temple_entry_butterflies, serial_shops,
          nicolae_shop_trees, nicolae_elemental_shop, hangedman_glass_teeth,
          uniq_edmund, uniq_prince_ribbit1, uniq_crazy_yiuf_cottage
D:7:      layout_loops_ring, serial_aquarium, aquarium_bridge_square
          [aquarium_subvault_bridge, aquarium_subvault_bridge,
          aquarium_subvault_bridge, aquarium_subvault_bridge],
          aquarium_bridge_island_small [aquarium_subvault_small_open,
          aquarium_subvault_wall, aquarium_subvault_balcony,
          aquarium_subvault_wall, aquarium_subvault_bridge],
          aquarium_window_fake, aquarium_window_1, aquarium_window_1,
          aquarium_view_2c, aquarium_view_2d
D:8:      layout_rooms, nicolae_kikubaaqudgha_miasma_corner,
          nicolae_hepliaklqana_hippocampus, grunt_ministairs_1,
          hangedman_decor_slide_cut, nicolae_figureground_pulse, uniq_psyche
D:9:      layout_gridville, lemuel_round_altar, mainiacjoe_overflow_brackets,
          mainiacjoe_overflow_24_doors, enter_bailey_7,
          ploomutoo_gammafunk_ghost_potion_laboratory, serial_ice, serial_ice_l,
          serial_ice_o, serial_ice_a, serial_ice_n, serial_ice_g, serial_ice_d
Temple:   nicolae_temple_god_jail

Skill      XL: |  1  2  3  4  5  6  7  8  9 10 11 |
---------------+----------------------------------+-----
Axes           | 3 4 5 7 8 9 10 11 | 11.0
Fighting       | 4 5 7 |  7.9
Shields        | 4 6 |  6.9
Armour         | 4 6 |  6.8
Throwing       | 2 5 6 7 |  7.4
Evocations     | 2 5 6 |  6.0
Invocations    | 6 9 10 | 10.0

Action                   |  1- 3 |  4- 6 |  7- 9 | 10-12 || total
-------------------------+-------+-------+-------+-------++-------
Melee: War axe           |    81 |   106 |   323 |   181 ||   691
       Broad axe         |       |       |       |    93 ||    93
Throw: Dart              |       |       |     9 |       ||     9
       Boomerang         |       |       |    33 |    86 ||   119
Invok: Heroism           |       |       |     2 |     2 ||     4
Evoke: Wand              |       |     2 |     3 |     1 ||     6
  Use: Scroll            |       |       |     9 |     6 ||    15
       Potion            |       |       |    10 |     2 ||    12
Armor: Scale mail        |    16 |       |       |    87 ||   103
       Plate armour      |    22 |    46 |   202 |       ||   270
       Chain mail        |       |       |    84 |   113 ||   197
Dodge: Dodged            |    44 |    18 |   128 |   214 ||   404
Block: Buckler           |    34 |    29 |    29 |       ||    92
       Reflection        |       |     2 |       |       ||     2
       Kite shield       |       |       |   130 |   199 ||   329

Table legend: (Time is in decaauts)
 A = Elapsed time spent in this place.
 B = Non-inter-level travel time spent in this place.
 C = Inter-level travel time spent in this place.
 D = Time resting spent in this place.
 E = Time spent auto-exploring this place.
 F = Levels seen in this place.
 G = Mean time per level.
                   A        B        C        D        E       F      G
               +--------+--------+--------+--------+--------+-----+--------+
         Total |  11807 |  11107 |    700 |    368 |   8386 |  11 | 1073.4 |
       Dungeon |  11250 |  10593 |    657 |    368 |   8140 |   9 | 1250.0 |
        Temple |     83 |     40 |     43 |      0 |     29 |   1 |   83.0 |
        Bailey |    472 |    472 |      0 |      0 |    216 |   1 |  472.0 |
               +--------+--------+--------+--------+--------+-----+--------+

Top non-repeatable levels by time:
     D:9: 1651 daAuts
     D:8: 1635 daAuts
     D:7: 1571 daAuts
     D:5: 1210 daAuts
     D:2: 1206 daAuts
     D:4: 1049 daAuts
     D:3: 1003 daAuts
     D:1: 963 daAuts
     D:6: 957 daAuts
  Bailey: 472 daAuts
  Temple: 83 daAuts
